 Dungeon Crawl Stone Soup version 0.29-a0-468-ge57f7f99b4 (webtiles) character file.

Game seed: 10746559484715775577

13769 holysushi the Martial Artist (level 12, -8/86 HPs)
             Began as an Octopode Transmuter on May 21, 2022.
             Was an Initiate of Gozag.
             Mangled by a boulder beetle (25 damage)
             ... on level 2 of the Lair of Beasts.
             The game lasted 00:30:25 (15529 turns).

holysushi the Martial Artist (Octopode Transmuter) Turns: 15529, Time: 00:30:26

Health: -8/86      AC: 10    Str: 17    XL:     12   Next: 9%
Magic:  20/25      EV: 14    Int: 15    God:    Gozag
Gold:   2164       SH:  5    Dex: 16    Spells: 7/17 levels left

rFire   x . .      SeeInvis +     - Unarmed
rCold   + + +      Faith    .   (shield currently unavailable)
rNeg    . . .      Spirit   .   (helmet currently unavailable)
rPois   +          Reflect  +   x - amulet of Facw {Reflect MP+9 SH+5}
rElec   .          Harm     .   i - +6 ring of strength
rCorr   +          Rampage  .   u - +4 ring of protection
Will    +....                   B - ring of resist corrosion
Stlth   +++.......              F - ring of willpower
HPRegen 0.24/turn               H - ring of see invisible
MPRegen 0.19/turn               (no ring)
                                (no ring)
                                (no ring)

@: ice-form, very slightly contaminated, slowed, invisible, very slow
A: freezing attack, boosted hp, almost no armour, amphibious, 8 rings, large,
(camouflage 1), (gelatinous body 1), (nimble swimmer 1), (tentacles)
a: End Transformation, Renounce Religion, Potion Petition, Call Merchant, Bribe
Branch


You were on level 2 of the Lair of Beasts.
You worshipped Gozag.
Gozag was most pleased with you.
You were a creature of crystalline ice.
You visited 3 branches of the dungeon, and saw 13 of its levels.
You also visited: Ossuary and Bailey.

You collected 2232 gold pieces.
You paid 68 gold pieces to Gozag.

Inventory:

Missiles
 I - a throwing net
Jewellery
 i - a +6 ring of strength (left front paw)
 u - a +4 ring of protection (right front paw)
 x - the amulet of Facw (around neck) {Reflect MP+9 SH+5}
   (You found it in a bailey)

   [amulet of reflection]

   It reflects blocked missile attacks.
   MP:        It affects your magic capacity (+9).
   SH:        It affects your SH (+5).
 B - a ring of resist corrosion (on tentacle)
 F - a ring of willpower (on tentacle)
 H - a ring of see invisible (on tentacle)
 J - a ring of ice
Wands
 a - a wand of paralysis (20)
 j - a wand of flame (26)
 k - a wand of digging (3)
 v - a wand of charming (3)
Scrolls
 b - 5 scrolls of enchant armour
 f - 3 scrolls of identify
 g - 4 scrolls of amnesia
 p - 2 scrolls of teleportation
 q - 3 scrolls of blinking
 s - a scroll of fog
 t - 2 scrolls of vulnerability
 z - 3 scrolls of poison
 C - 2 scrolls of fear
 D - 2 scrolls of immolation
 K - 3 scrolls of brand weapon
Potions
 c - 6 potions of curing
 d - 5 potions of lignification
 e - 6 potions of might
 h - 6 potions of mutation
 l - 3 potions of flight
 m - 4 potions of brilliance
 n - 3 potions of heal wounds
 o - 4 potions of berserk rage
 r - 3 potions of resistance
 A - a potion of magic
 E - a potion of haste
 G - 2 potions of attraction
Miscellaneous
 y - a box of beasts


   Skills:
 - Level 3.0 Fighting
 + Level 9.5 Dodging
 - Level 4.0 Stealth
 * Level 13.9 Unarmed Combat
 + Level 3.3 Spellcasting
 + Level 6.2 Transmutations
 - Level 3.0 Ice Magic
 - Level 2.0 Poison Magic
 - Level 5.0 Evocations


You had 7 spell levels left.
You knew the following spells:

 Your Spells              Type           Power      Damage    Failure   Level
a - Beastly Appendage     Tmut           42%        N/A       1%          1
b - Wereblood             Tmut           21%        N/A       2%          2
c - Spider Form           Tmut/Pois      14%        N/A       11%         3
d - Ice Form              Ice/Tmut       16%        N/A       28%         4

Your spell library contained the following spells:

 Spells                   Type           Power      Damage    Failure   Level
 Ignite Poison            Fire/Tmut/Pois 10%        N/A       19%         3
 Shock                    Conj/Air       8%         1d3       21%         1
 Summon Small Mammal      Summ           8%         N/A       21%         1
 Call Canine Familiar     Summ           2%         N/A       52%         3
 Conjure Flame            Conj/Fire      2%         6-21      52%         3
 Summon Guardian Golem    Hex/Summ       2%         N/A       52%         3
 Swiftness                Air            2%         N/A       52%         3
 Airstrike                Air            1%         N/A       89%         4
 Sticky Flame             Conj/Fire      2%         2d3       89%         4
 Fireball                 Conj/Fire      1%         3d3       99%         5
 Iskenderun's Battlesphe  Conj           2%         2d6       99%         5
 Conjure Ball Lightning   Conj/Air       1%         3x3d6     100%        6
 Orb of Destruction       Conj           1%         9d5       100%        7


Dungeon Overview and Level Annotations

Branches:
Dungeon (10/15)            Temple (1/1) D:5            Lair (2/6) D:8
 Shoals (0/4) Lair:2          Orc (0/2) D:10        Ossuary (visited)
 Bailey (visited)
  Snake: Lair:2-4    Spider: Lair:2-4

Altars:
Ashenzari
Cheibriados
Dithmenos
Elyvilon
Fedhas
Gozag
Hepliaklqana
Kikubaaqudgha
Makhleb
Nemelex Xobeh
Okawaru
Qazlal
Ru
Sif Muna
Trog
Uskayaw
Vehumet
Wu Jian
Xom
Yredelemnul
Zin
The Shining One

Annotations:
D:2 exclusion: downstairs
D:5 1 runed translucent door, exclusion: door, Crazy Yiuf


Innate Abilities, Weirdness & Mutations

You are a creature of crystalline ice.
You have a powerful freezing melee attack.
Your maximum health is increased.
Your armour is entirely melded.
You are incapable of wielding weapons or throwing items.
You cannot wear most types of armour.
You are amphibious.
You can wear up to eight rings at the same time.
((Your skin changes colour to match your surroundings (Stealth+).))
((Your rubbery body absorbs attacks. (AC +1, EV +1)))
((You are camouflaged when in or above water. (Stealth+)))
((You have tentacles for arms and can constrict up to eight enemies at once.))


Message History

You hit the boulder beetle but do no damage.
The boulder beetle is lightly wounded.
The boulder beetle bites you!
Being near the torpor snail leaves you feeling lethargic.
You hit the boulder beetle. You freeze the boulder beetle.
The boulder beetle is lightly wounded.
The boulder beetle bites you!!
You hit the boulder beetle but do no damage.
The boulder beetle is lightly wounded.
You block the boulder beetle's attack.
The boulder beetle bites you but does no damage.
You feel yourself speed up.
Being near the torpor snail leaves you feeling lethargic.
The boulder beetle attacks as you move away!
The boulder beetle bites you!!
You feel yourself speed up.
The boulder beetle bites you but does no damage.
The boulder beetle attacks as you move away!
The boulder beetle bites you but does no damage.
There is an escape hatch in the ceiling here.
Okay, then.
Press: ? - help, v - describe, . - travel
Here: a boulder beetle (lightly wounded)
The floor.
You fade into invisibility!
The boulder beetle bites you!
* * * LOW HITPOINT WARNING * * *
You pummel the boulder beetle!! You freeze the boulder beetle.
The boulder beetle is heavily wounded.
Being near the torpor snail leaves you feeling lethargic.
You catch the helpless boulder beetle completely off-guard!
You pummel the boulder beetle!! You freeze the boulder beetle.
The boulder beetle is almost dead.
The boulder beetle bites you.
* * * LOW HITPOINT WARNING * * *
You punch the boulder beetle! You freeze the boulder beetle.
The boulder beetle is almost dead.
The boulder beetle bites you!!
You die...
Your body crumbles into a pile of gold.

............................
............#...##...........
..........#.......##..........
........##..........#..........
#.#.P.##.......##....##..B.....
##..##...#..#...##.#..# ##+
#..#...........#..
#..#...8..B8........
+..#.....Y.w...#....
#......8...8...#.....
#.................#..
##....##...##...... .
##.....###......... ##....
....##.. ..#.. ..##. ....## ##.
..... ##


You could see a boulder beetle (can't see you) and a torpor snail (can't see
you).

Vanquished Creatures
  Josephine (D:10)
  Fannar (D:10)
  2 two-headed ogres
  A black mamba (Lair:1)
  2 cane toads (Lair:2)
  A gargoyle (Bailey)
  Grinder (D:5)
  4 blink frogs (Lair:1)
  6 wraiths
  3 yaks (D:8)
  A steam dragon (D:7)
  A two-headed ogre zombie (D:10)
  3 water moccasins
  2 acid dragons
  2 ice beasts
  3 orc warriors
  3 black bears
  4 sky beasts
  2 centaurs
  16 wolves
  3 ogres
  2 phantoms (D:10)
  3 kobold brigands
  Blork the orc (D:5)
  9 bullfrogs
  3 scorpions
  2 necrophages
  23 wights
  A troll zombie (D:10)
  5 killer bees (D:8)
  2 howler monkeys
  7 vampire bats (Bailey)
  8 wolf zombies (Bailey)
  3 hounds (D:4)
  3 jellies
  2 orc priests
  Jessica (D:2)
  Terence (D:3)
  2 iguanas
  6 orc wizards
  6 ogre zombies (D:10)
  A mummy (Ossuary)
  3 gnolls (D:5)
  14 adders
  37 orc zombies
  2 white imps
  An ufetubus (D:6)
  A worm (D:2)
  4 dart slugs
  21 orcs
  6 ball pythons
  5 endoplasms
  A giant cockroach (D:1)
  5 goblins
  5 hobgoblins
  2 jackals (D:1)
  15 kobolds
  5 quokkas
  3 bats
  8 frilled lizards
  4 gnoll skeletons (Ossuary)
  2 goblin skeletons (D:8)
  6 goblin zombies
  A hobgoblin skeleton (D:10)
  4 hobgoblin zombies
  3 kobold skeletons
  4 kobold zombies (D:8)
  25 orc skeletons
  2 rats (D:3)
342 creatures vanquished.

Vanquished Creatures (others)
  A fungus (Lair:2)
  2 plants (Lair:2)
3 creatures vanquished.

Grand Total: 345 creatures vanquished

Notes
Turn   | Place    | Note
-------+----------+-------------------------------------------
     0 | D:1      | holysushi the Octopode Transmuter began the quest for the
                  | Orb.
     0 | D:1      | Reached XP level 1. HP: 13/13 MP: 3/3
   283 | D:1      | Reached XP level 2. HP: 17/18 MP: 3/5
   444 | D:1      | Found a faded altar of an unknown god.
  1061 | D:1      | Learned a level 2 spell: Wereblood
  1117 | D:2      | Reached skill level 4 in Unarmed Combat
  1199 | D:2      | Reached XP level 3. HP: 11/23 MP: 4/6
  1208 | D:2      | HP: 1/34 [adder (3)]
  1417 | D:2      | Learned a level 3 spell: Spider Form
  1466 | D:2      | Noticed Jessica
  1473 | D:2      | Killed Jessica
  1474 | D:2      | Reached skill level 5 in Unarmed Combat
  1474 | D:2      | Reached XP level 4. HP: 27/28 MP: 5/7
  2194 | D:3      | Reached XP level 5. HP: 33/33 MP: 6/8
  2382 | D:3      | Noticed Terence
  2398 | D:3      | Killed Terence
  2399 | D:3      | Reached skill level 1 in Poison Magic
  2743 | D:3      | Found a broken altar of Ashenzari.
  3323 | D:4      | Noticed an ogre
  3333 | D:4      | Killed an ogre
  3334 | D:4      | Reached skill level 1 in Evocations
  3334 | D:4      | Reached XP level 6. HP: 17/39 MP: 3/9
  3853 | D:4      | Reached skill level 6 in Unarmed Combat
  3864 | D:4      | Reached XP level 7. HP: 42/45 MP: 7/10
  4592 | D:5      | Entered Level 5 of the Dungeon
  4719 | D:5      | Noticed Blork the orc
  4730 | D:5      | Killed Blork the orc
  4734 | D:5      | Found a sand-covered staircase.
  4742 | Ossuary  | Entered an ossuary
  4742 | Ossuary  | Noticed a wraith
  4742 | Ossuary  | Noticed a wraith
  4742 | Ossuary  | Noticed a wraith
  5114 | Ossuary  | Noticed a wraith
  5134 | Ossuary  | Killed a wraith
  5182 | D:5      | Noticed Grinder
  5191 | D:5      | Learned a level 4 spell: Ice Form
  5195 | D:5      | Paralysed by Grinder for 2 turns
  5205 | D:5      | Killed Grinder
  5206 | D:5      | Reached skill level 7 in Unarmed Combat
  5206 | D:5      | Reached XP level 8. HP: 49/52 MP: 5/11
  5372 | D:5      | Found a staircase to the Ecumenical Temple.
  5380 | Temple   | Entered the Ecumenical Temple
  5526 | Temple   | Became a worshipper of Gozag Ym Sagoz the Greedy
  5906 | D:5      | Found a runed translucent door.
  5907 | D:5      | Noticed Crazy Yiuf
  6151 | D:5      | Reached skill level 8 in Unarmed Combat
  6561 | D:6      | Reached skill level 5 in Dodging
  6720 | D:6      | Reached XP level 9. HP: 43/56 MP: 5/12
  6819 | D:6      | Reached skill level 9 in Unarmed Combat
  7887 | D:7      | Reached skill level 1 in Ice Magic
  8343 | D:7      | Reached skill level 10 in Unarmed Combat
  9095 | D:8      | Reached skill level 5 in Transmutations
  9155 | D:8      | Found a flagged portal.
  9164 | Bailey   | Entered a bailey
  9198 | Bailey   | Reached XP level 10. HP: 43/63 MP: 2/13
  9618 | Bailey   | Reached skill level 11 in Unarmed Combat
 10044 | Bailey   | Noticed a gargoyle
 10061 | Bailey   | Killed a gargoyle
 10200 | Bailey   | Identified the amulet of Facw {Reflect MP+9 SH+5}
 10707 | D:8      | Found a staircase to the Lair.
 11004 | D:8      | Found a glowing golden altar of the Shining One.
 11895 | D:9      | Reached skill level 12 in Unarmed Combat
 11959 | D:9      | Noticed a two-headed ogre
 11968 | D:9      | Killed a two-headed ogre
 11969 | D:9      | Reached XP level 11. HP: 67/67 MP: 15/15
 12364 | D:9      | Found a hide-covered altar of Uskayaw.
 12365 | D:9      | Found a sparkling altar of Nemelex Xobeh.
 12468 | D:10     | Entered Level 10 of the Dungeon
 12717 | D:10     | Found a staircase to the Orcish Mines.
 12895 | D:10     | Noticed a two-headed ogre
 12906 | D:10     | Killed a two-headed ogre
 12997 | D:10     | Noticed Josephine
 13006 | D:10     | Killed Josephine
 13026 | D:10     | Reached skill level 13 in Unarmed Combat
 13436 | D:10     | Noticed Fannar
 13451 | D:10     | Killed Fannar
 13929 | Lair:1   | Entered Level 1 of the Lair of Beasts
 13972 | Lair:1   | Reached skill level 5 in Evocations
 14510 | Lair:1   | Reached skill level 1 in Stealth
 15050 | Lair:1   | Identified the +1 hunting sling of the Trees {flame, rF+
                  | rC+ Will+}
 15143 | Lair:2   | Found a staircase to the Shoals.
 15173 | Lair:2   | Reached XP level 12. HP: 72/72 MP: 16/16
 15314 | Lair:2   | Noticed a boulder beetle
 15529 | Lair:2   | Mangled by a boulder beetle

Illustrated notes

Levels and vault maps discovered:
D:1:      tarquinn_simple_flora_water_f, layout_loops_ring,
          shapermc_ecumenical_altar_starsandcircs, minmay_lizard_pond
D:2:      layout_rooms, uniq_jessica
D:3:      layout_loops_ring, marbit_many_paths, minmay_misc_feat_columns,
          uniq_terence
D:4:      layout_basic, hex_tiny, grunt_ministairs_10
D:5:      layout_basic, minmay_temple_entry_proselytizer, enter_ossuary_1,
          uniq_grinder, uniq_crazy_yiuf_cottage, uniq_blork_the_orc
D:6:      minmay_inner_zag, layout_loops_ring
D:7:      layout_gridville
D:8:      layout_gridville, nicolae_tso_besieged_by_evil, lair_entry_dummy,
          enter_bailey_8
D:9:      layout_loops_cross, gammafunk_temple_overflow_pools,
          minmay_misc_feat_cross, dk_vineyard_1
D:10:     layout_irregular_city, zombieorc2_lemuel, uniq_josephine, uniq_fannar
Temple:   mainiacjoe_temple_coin_purse
Lair:1:   layout_concentric_octagons, grunt_megastairs_3,
          infiniplex_staircase_pool_2
Lair:2:   layout_regular_city, shoals_dummy_entry, grunt_megastairs_2

Skill      XL: |  1  2  3  4  5  6  7  8  9 10 11 12 |
---------------+-------------------------------------+-----
Unarmed Combat | 4 5 6 7 8 10 12 13 | 13.9
Poison Magic   | 1 2 |  2.0
Evocations     | 1 2 3 5 |  5.0
Fighting       | 2 3 |  3.0
Dodging        | 4 5 6 8 9 |  9.5
Transmutations | 3 4 5 6 |  6.2
Ice Magic      | 2 3 |  3.0
Spellcasting   | 3 |  3.3
Stealth        | 3 4 |  4.0

Action                   |  1- 3 |  4- 6 |  7- 9 | 10-12 || total
-------------------------+-------+-------+-------+-------++-------
Melee: Unarmed           |    70 |    77 |   270 |   441 ||   858
       Constrict         |    15 |     6 |     9 |    13 ||    43
       Tentacles         |    11 |     3 |     7 |    13 ||    34
       Kick              |     9 |    10 |       |       ||    19
       Punch             |     4 |       |     2 |     3 ||     9
 Cast: Beastly Appendage |    15 |    12 |       |       ||    27
       Spider Form       |       |     8 |    41 |     8 ||    57
       Wereblood         |       |     1 |     9 |    16 ||    26
       Ice Form          |       |       |     6 |    30 ||    36
 Abil: End Transformatio |       |       |     2 |       ||     2
Evoke: Wand              |       |     9 |       |     1 ||    10
  Use: Potion            |     5 |       |     1 |     1 ||     7
       Scroll            |     1 |     4 |    10 |    10 ||    25
 Stab: Sleeping          |     2 |     7 |     5 |     6 ||    20
       Paralysed         |       |     5 |       |     1 ||     6
       Distracted        |       |       |       |     1 ||     1
       Invisible         |       |       |       |     1 ||     1
Armor: Skin              |    28 |     2 |    20 |    89 ||   139
Dodge: Dodged            |    42 |    37 |   150 |   249 ||   478
Block: Other             |       |       |       |    37 ||    37
       Reflection        |       |       |       |     3 ||     3

Table legend: (Time is in decaauts)
 A = Elapsed time spent in this place.
 B = Non-inter-level travel time spent in this place.
 C = Inter-level travel time spent in this place.
 D = Time resting spent in this place.
 E = Time spent auto-exploring this place.
 F = Levels seen in this place.
 G = Mean time per level.
                   A        B        C        D        E       F      G
               +--------+--------+--------+--------+--------+-----+--------+
         Total |  15390 |  14831 |    559 |   4231 |   6831 |  15 | 1026.0 |
       Dungeon |  12155 |  11630 |    525 |   3261 |   5655 |  10 | 1215.5 |
        Temple |    155 |    136 |     19 |      0 |    107 |   1 |  155.0 |
          Lair |   1580 |   1565 |     15 |    227 |   1053 |   2 |  790.0 |
       Ossuary |    429 |    429 |      0 |    123 |      0 |   1 |  429.0 |
        Bailey |   1068 |   1068 |      0 |    620 |     16 |   1 | 1068.0 |
               +--------+--------+--------+--------+--------+-----+--------+

Top non-repeatable levels by time:
     D:8: 1476 daAuts
    D:10: 1412 daAuts
     D:7: 1412 daAuts
     D:3: 1394 daAuts
     D:6: 1331 daAuts
  Lair:1: 1192 daAuts
     D:5: 1171 daAuts
     D:1: 1092 daAuts
  Bailey: 1068 daAuts
     D:2: 1057 daAuts
     D:4: 1031 daAuts
     D:9: 776 daAuts
 Ossuary: 429 daAuts
  Lair:2: 388 daAuts
  Temple: 155 daAuts
